General information
- name: BNet
- type: Ladder team game (AT/RT)
- host: Battle.net
- saver: ykaens
map: Battleground_LV
- players: 8
- length: 47:13
- speed: Fast
- version: 1.29 W3XP
- replay type: Public
» download(470 KB)
Players
team 1 (winner)

»
REDSKINBUCKEYE (
pink | 27 APM | 1273 actions | 47:13)
6 Tauren Chieftain
3 Endurance Aura
2 War Stomp
1 Reincarnation
4 Dark Ranger
2 Black Arrow
2 Silence
» actions
| Assign group hotkey | 56 | |
| Basic commands | 94 | |
| Build / train | 77 | |
| Enter build submenu | 22 | |
| Enter hero's abilities submenu | 11 | |
| Give item / drop item | 1 | |
| Right click | 348 | |
| Select / deselect | 318 | |
| Select group hotkey | 217 | |
| Use ability | 129 | |
1273 total
» units
| Peon | 13 | |
| Grunt | 4 | |
| Kodo Beast | 2 | |
| Mud Golem | 2 | |
| Tauren | 20 | |
41 total
» upgrades
| Melee Weapons | 3 | |
| Armor | 3 | |
| Pulverize | 1 | |
| War Drums Damage Increase | 1 | |
8 total
» buildings
| Orc Burrow | 9 | |
| Altar of Storms | 1 | |
| Barracks | 1 | |
| Voodoo Lounge | 1 | |
| Stronghold | 2 | |
| War Mill | 1 | |
| Great Hall | 4 | |
| Fortress | 2 | |
| Beastiary | 1 | |
| Tauren Totem | 2 | |
24 total
» build order
00:14 Orc Burrow
00:38 Altar of Storms
00:52 Barracks
01:11 Orc Burrow
02:34 Voodoo Lounge
03:36 Stronghold
03:36 Stronghold
04:23 War Mill
04:35 Orc Burrow
05:27 Great Hall
05:57 Fortress
05:57 Fortress
07:35 Beastiary
08:52 Tauren Totem
08:53 Tauren Totem
10:00 Orc Burrow
10:02 Orc Burrow
11:31 Orc Burrow
11:32 Orc Burrow
24:09 Orc Burrow
24:10 Orc Burrow
28:24 Great Hall
30:34 Great Hall
34:20 Great Hall
» items
| Healing Salve | 3 | |
| Orb of Lightning | 1 | |
| Staff of Sanctuary | 1 | |
| Lesser Clarity Potion | 1 | |
| Scroll of Town Portal | 2 | |
8 total

»
maui (
green | 110 APM | 4644 actions | 42:22)
5 Blademaster
2 Wind Walk
3 Critical Strike
5 Shadow Hunter
2 Hex
3 Healing Wave
1 Tauren Chieftain
1 Endurance Aura
» actions
| Assign group hotkey | 47 | |
| Basic commands | 49 | |
| Build / train | 124 | |
| Enter build submenu | 36 | |
| Enter hero's abilities submenu | 11 | |
| Give item / drop item | 1 | |
| Right click | 1707 | |
| Select / deselect | 836 | |
| Select group hotkey | 1569 | |
| Use ability | 264 | |
4644 total
» units
| Peon | 29 | |
| Grunt | 2 | |
| Raider | 9 | |
| Spirit Walker | 5 | |
| Kodo Beast | 2 | |
| Troll Witch Doctor | 8 | |
| Troll Headhunter/Berserker | 4 | |
59 total
» upgrades
| Ensnare | 1 | |
| Spirit Walker Training | 2 | |
| Pillage | 1 | |
| Witch Doctor Training | 2 | |
| Reinforced Defenses | 1 | |
| War Drums Damage Increase | 1 | |
| Berserker Upgrade | 1 | |
9 total
» buildings
| Altar of Storms | 2 | |
| Orc Burrow | 7 | |
| Barracks | 1 | |
| Stronghold | 3 | |
| Voodoo Lounge | 5 | |
| Fortress | 3 | |
| Beastiary | 1 | |
| Spirit Lodge | 3 | |
| War Mill | 2 | |
| Watch Tower | 9 | |
| Great Hall | 1 | |
37 total
» build order
00:07 Altar of Storms
00:19 Orc Burrow
00:35 Barracks
02:10 Stronghold
02:10 Stronghold
02:11 Stronghold
02:20 Voodoo Lounge
02:35 Orc Burrow
04:19 Orc Burrow
04:42 Fortress
04:42 Fortress
04:42 Fortress
04:56 Beastiary
06:05 Orc Burrow
07:20 Voodoo Lounge
07:56 Spirit Lodge
08:34 Spirit Lodge
10:02 Spirit Lodge
11:01 Orc Burrow
11:03 War Mill
11:12 War Mill
14:17 Voodoo Lounge
17:02 Watch Tower
18:03 Orc Burrow
18:06 Watch Tower
18:08 Voodoo Lounge
20:02 Orc Burrow
20:27 Great Hall
22:18 Watch Tower
23:06 Watch Tower
23:07 Watch Tower
23:10 Watch Tower
24:27 Watch Tower
24:30 Voodoo Lounge
26:37 Watch Tower
26:40 Altar of Storms
26:43 Watch Tower
» items
| Healing Salve | 5 | |
| Lesser Clarity Potion | 6 | |
| Scroll of Speed | 3 | |
| Orb of Lightning | 1 | |
| Potion of Healing | 6 | |
| Potion of Mana | 1 | |
| Tiny Great Hall | 5 | |
| Scroll of Town Portal | 2 | |
| Potion of Lesser Invulnerability | 2 | |
31 total
rustledjimmies (
purple | 55 APM | 2259 actions | 41:15)
6 Shadow Hunter
3 Serpent Ward
2 Healing Wave
1 Big Bad Voodoo
7 Tauren Chieftain
3 War Stomp
3 Endurance Aura
1 Reincarnation
» actions
| Assign group hotkey | 30 | |
| Basic commands | 90 | |
| Build / train | 92 | |
| ESC pressed | 6 | |
| Enter build submenu | 30 | |
| Enter hero's abilities submenu | 14 | |
| Give item / drop item | 3 | |
| Right click | 907 | |
| Select / deselect | 329 | |
| Select group hotkey | 489 | |
| Use ability | 269 | |
2259 total
» units
| Peon | 11 | |
| Grunt | 1 | |
| Troll Headhunter/Berserker | 19 | |
| Spirit Walker | 5 | |
36 total
» upgrades
| Armor | 3 | |
| Berserker Strength | 1 | |
| Troll Regeneration | 1 | |
| Ranged Weapons | 3 | |
| Spirit Walker Training | 3 | |
| Reinforced Defenses | 1 | |
| Berserker Upgrade | 1 | |
13 total
» buildings
| Altar of Storms | 1 | |
| Orc Burrow | 8 | |
| Barracks | 1 | |
| War Mill | 1 | |
| Voodoo Lounge | 1 | |
| Stronghold | 1 | |
| Watch Tower | 13 | |
| Spirit Lodge | 1 | |
| Beastiary | 1 | |
| Great Hall | 1 | |
| Fortress | 1 | |
30 total
» build order
00:18 Altar of Storms
00:22 Orc Burrow
00:50 Barracks
01:25 War Mill
01:43 Orc Burrow
02:26 Voodoo Lounge
03:27 Stronghold
04:05 Orc Burrow
05:07 Watch Tower
06:01 Spirit Lodge
06:32 Watch Tower
07:28 Watch Tower
08:42 Watch Tower
08:45 Beastiary
08:52 Orc Burrow
09:41 Great Hall
14:01 Fortress
22:24 Watch Tower
22:54 Watch Tower
25:59 Watch Tower
26:00 Watch Tower
26:01 Watch Tower
26:03 Watch Tower
26:05 Watch Tower
26:31 Watch Tower
27:44 Watch Tower
27:58 Orc Burrow
27:58 Orc Burrow
27:59 Orc Burrow
27:59 Orc Burrow
» items
| Lesser Clarity Potion | 2 | |
| Healing Salve | 8 | |
| Potion of Healing | 6 | |
| Scroll of Town Portal | 4 | |
| Potion of Mana | 1 | |
| Circlet of Nobility | 2 | |
| Orb of Lightning | 1 | |
| Boots of Speed | 1 | |
25 total
ykaens (
red | 101 APM | 4759 actions | 47:13)
8 Mountain King
3 Storm Bolt
3 Bash
1 Avatar
1 Thunder Clap
7 Paladin
3 Holy Light
3 Devotion Aura
1 Resurrection
» actions
| Assign group hotkey | 51 | |
| Basic commands | 586 | |
| Build / train | 147 | |
| ESC pressed | 5 | |
| Enter build submenu | 51 | |
| Enter hero's abilities submenu | 16 | |
| Give item / drop item | 7 | |
| Right click | 1486 | |
| Select / deselect | 473 | |
| Select group hotkey | 1744 | |
| Use ability | 193 | |
4759 total
» units
| Peasant | 15 | |
| Footman | 5 | |
| Rifleman | 5 | |
| Gryphon Rider | 7 | |
| Dragonhawk Rider | 1 | |
33 total
» upgrades
| Armor | 6 | |
| Gunpowder | 4 | |
| Long Rifles | 1 | |
| Masonry | 3 | |
| Swords | 3 | |
| Lumber Harvesting | 2 | |
| Animal War Training | 1 | |
| Storm Hammers | 1 | |
| Cloud | 2 | |
| Plating | 3 | |
26 total
» buildings
| Altar of Kings | 1 | |
| Barracks | 1 | |
| Farm | 13 | |
| Arcane Vault | 1 | |
| Blacksmith | 1 | |
| Lumber Mill | 1 | |
| Keep | 2 | |
| Scout Tower | 20 | |
| Town Hall | 2 | |
| Arcane Tower | 4 | |
| Guard Tower | 17 | |
| Castle | 2 | |
| Gryphon Aviary | 5 | |
70 total
» build order
00:59 Altar of Kings
01:03 Barracks
01:07 Farm
01:10 Farm
01:14 Farm
02:00 Arcane Vault
02:03 Farm
02:23 Blacksmith
02:47 Lumber Mill
04:17 Keep
04:17 Keep
04:36 Scout Tower
04:57 Town Hall
05:15 Arcane Tower
05:15 Arcane Tower
05:18 Scout Tower
05:20 Scout Tower
05:40 Farm
06:33 Guard Tower
06:33 Guard Tower
06:33 Guard Tower
06:37 Scout Tower
07:12 Arcane Tower
07:12 Arcane Tower
08:17 Castle
08:17 Castle
08:23 Scout Tower
08:24 Scout Tower
08:35 Gryphon Aviary
08:56 Guard Tower
08:56 Guard Tower
08:57 Guard Tower
08:57 Guard Tower
08:57 Guard Tower
10:21 Gryphon Aviary
11:30 Farm
11:31 Scout Tower
12:53 Guard Tower
12:53 Guard Tower
16:10 Scout Tower
16:10 Scout Tower
17:10 Scout Tower
17:12 Scout Tower
17:46 Guard Tower
17:55 Guard Tower
17:55 Guard Tower
18:00 Farm
21:00 Gryphon Aviary
21:03 Gryphon Aviary
21:04 Gryphon Aviary
22:23 Farm
22:23 Farm
22:24 Farm
22:25 Farm
22:58 Farm
25:13 Farm
26:47 Guard Tower
35:14 Town Hall
35:15 Scout Tower
35:16 Scout Tower
35:16 Scout Tower
35:17 Scout Tower
36:39 Guard Tower
38:03 Scout Tower
38:04 Scout Tower
38:04 Scout Tower
38:05 Scout Tower
38:06 Scout Tower
44:17 Guard Tower
44:17 Guard Tower
» items
| Scroll of Regeneration | 7 | |
| Mechanical Critter | 1 | |
| Boots of Speed | 2 | |
| Periapt of Vitality | 1 | |
| Scroll of Town Portal | 5 | |
| Scroll of Protection | 2 | |
| Staff of Teleportation | 2 | |
| Lesser Clarity Potion | 5 | |
| Potion of Lesser Invulnerability | 1 | |
| Orb of Fire | 1 | |
| Staff of Sanctuary | 1 | |
| Tiny Great Hall | 1 | |
| Orb of Lightning | 1 | |
| Healing Salve | 1 | |
31 total
team 2 (loser)

»
lalalara (
yellow | 122 APM | 2713 actions | 22:12)
5 Tauren Chieftain
3 War Stomp
2 Endurance Aura
3 Shadow Hunter
1 Hex
2 Healing Wave
» actions
| Assign group hotkey | 49 | |
| Basic commands | 108 | |
| Build / train | 92 | |
| Enter build submenu | 17 | |
| Enter hero's abilities submenu | 8 | |
| Give item / drop item | 2 | |
| Remove unit from queue | 2 | |
| Right click | 1037 | |
| Select / deselect | 501 | |
| Select group hotkey | 776 | |
| Use ability | 121 | |
2713 total
» units
| Peon | 13 | |
| Troll Headhunter/Berserker | 16 | |
| Troll Witch Doctor | 12 | |
| Kodo Beast | 5 | |
| Forest Troll Berserker | 1 | |
| Wind Rider | 1 | |
48 total
» upgrades
| Ranged Weapons | 2 | |
| Troll Regeneration | 1 | |
| Witch Doctor Training | 2 | |
| Berserker Upgrade | 1 | |
| War Drums Damage Increase | 1 | |
| Reinforced Defenses | 1 | |
| Envenomed Spears | 1 | |
9 total
» buildings
| Orc Burrow | 6 | |
| War Mill | 1 | |
| Barracks | 1 | |
| Altar of Storms | 1 | |
| Voodoo Lounge | 1 | |
| Stronghold | 1 | |
| Fortress | 2 | |
| Spirit Lodge | 1 | |
| Beastiary | 4 | |
| Watch Tower | 1 | |
19 total
» build order
00:20 Orc Burrow
00:34 War Mill
00:49 Barracks
01:06 Altar of Storms
01:46 Orc Burrow
02:08 Voodoo Lounge
03:14 Stronghold
03:40 Orc Burrow
05:59 Fortress
05:59 Fortress
06:12 Spirit Lodge
06:15 Beastiary
07:41 Orc Burrow
10:44 Orc Burrow
16:57 Watch Tower
17:48 Orc Burrow
20:42 Beastiary
20:48 Beastiary
20:48 Beastiary
» items
| Healing Salve | 2 | |
| Scroll of Speed | 2 | |
| Orb of Lightning | 1 | |
| Lesser Clarity Potion | 3 | |
| Scroll of Town Portal | 2 | |
| Tiny Great Hall | 1 | |
11 total
princeofegypt (
orange | 37 APM | 1648 actions | 44:45)
7 Tauren Chieftain
2 War Stomp
2 Endurance Aura
1 Reincarnation
2 Shockwave
» actions
| Basic commands | 26 | |
| Build / train | 93 | |
| Enter build submenu | 30 | |
| Enter hero's abilities submenu | 7 | |
| Give item / drop item | 2 | |
| Remove unit from queue | 6 | |
| Right click | 659 | |
| Select / deselect | 681 | |
| Use ability | 144 | |
1648 total
» units
| Peon | 10 | |
| Grunt | 4 | |
| Wind Rider | 16 | |
| Tauren | 9 | |
| Shaman | 7 | |
46 total
» upgrades
| Pillage | 1 | |
| Melee Weapons | 2 | |
| Armor | 4 | |
| Ranged Weapons | 3 | |
| Reinforced Defenses | 1 | |
| Envenomed Spears | 1 | |
| Shaman Training | 2 | |
14 total
» buildings
| Orc Burrow | 9 | |
| Altar of Storms | 2 | |
| Barracks | 1 | |
| Voodoo Lounge | 6 | |
| Stronghold | 2 | |
| War Mill | 1 | |
| Watch Tower | 3 | |
| Beastiary | 4 | |
| Fortress | 2 | |
| Great Hall | 1 | |
| Tauren Totem | 1 | |
32 total
» build order
00:19 Orc Burrow
00:24 Altar of Storms
00:52 Barracks
01:39 Orc Burrow
02:00 Voodoo Lounge
03:40 Voodoo Lounge
03:46 Voodoo Lounge
03:49 Voodoo Lounge
04:00 Stronghold
04:00 Stronghold
04:08 War Mill
04:37 Orc Burrow
04:51 Voodoo Lounge
05:26 Watch Tower
05:31 Watch Tower
06:51 Beastiary
07:52 Beastiary
09:11 Orc Burrow
09:31 Fortress
09:31 Fortress
13:44 Altar of Storms
14:55 Beastiary
15:28 Beastiary
16:19 Voodoo Lounge
16:55 Orc Burrow
19:48 Great Hall
19:52 Watch Tower
25:35 Orc Burrow
26:44 Tauren Totem
27:18 Orc Burrow
29:25 Orc Burrow
31:51 Orc Burrow
» items
supergay (
teal | 68 APM | 1511 actions | 22:17)
3 Tauren Chieftain
2 Endurance Aura
1 War Stomp
3 Shadow Hunter
2 Hex
1 Healing Wave
» actions
| Assign group hotkey | 201 | |
| Build / train | 66 | |
| Enter build submenu | 18 | |
| Enter hero's abilities submenu | 6 | |
| Give item / drop item | 1 | |
| Right click | 698 | |
| Select / deselect | 229 | |
| Select group hotkey | 195 | |
| Use ability | 97 | |
1511 total
» units
| Peon | 17 | |
| Grunt | 7 | |
| Shaman | 6 | |
| Troll Witch Doctor | 3 | |
| Tauren | 5 | |
| Spirit Walker | 1 | |
39 total
» upgrades
| Shaman Training | 2 | |
| Witch Doctor Training | 2 | |
| Pulverize | 1 | |
5 total
» buildings
| Orc Burrow | 6 | |
| Altar of Storms | 1 | |
| Barracks | 1 | |
| Voodoo Lounge | 2 | |
| Stronghold | 3 | |
| Great Hall | 2 | |
| War Mill | 1 | |
| Fortress | 1 | |
| Spirit Lodge | 2 | |
| Tauren Totem | 2 | |
21 total
» build order
00:08 Orc Burrow
00:21 Altar of Storms
00:38 Barracks
01:29 Orc Burrow
02:17 Voodoo Lounge
03:30 Orc Burrow
03:36 Stronghold
03:36 Stronghold
03:36 Stronghold
05:12 Great Hall
05:51 War Mill
08:15 Fortress
08:18 Voodoo Lounge
08:21 Spirit Lodge
08:38 Spirit Lodge
11:24 Tauren Totem
11:28 Tauren Totem
13:02 Orc Burrow
13:39 Orc Burrow
14:03 Great Hall
14:08 Orc Burrow
» items
| Healing Salve | 3 | |
| Scroll of Speed | 1 | |
| Lesser Clarity Potion | 4 | |
| Orb of Lightning | 2 | |
10 total
OrderOfRepoMen (
blue | 98 APM | 4630 actions | 47:13)
5 Blademaster
3 Wind Walk
2 Critical Strike
4 Shadow Hunter
2 Hex
2 Healing Wave
» actions
| Assign group hotkey | 32 | |
| Basic commands | 121 | |
| Build / train | 91 | |
| Enter build submenu | 57 | |
| Enter hero's abilities submenu | 9 | |
| Give item / drop item | 4 | |
| Remove unit from queue | 1 | |
| Right click | 1776 | |
| Select / deselect | 619 | |
| Select group hotkey | 1734 | |
| Use ability | 175 | |
4630 total
» units
» upgrades
| Reinforced Defenses | 1 | |
| Pillage | 1 | |
| Melee Weapons | 3 | |
| Ensnare | 1 | |
| Armor | 3 | |
9 total
» buildings
| Orc Burrow | 7 | |
| Altar of Storms | 2 | |
| Barracks | 1 | |
| Voodoo Lounge | 2 | |
| Stronghold | 2 | |
| Great Hall | 3 | |
| War Mill | 2 | |
| Fortress | 2 | |
| Watch Tower | 27 | |
| Beastiary | 3 | |
| Tauren Totem | 2 | |
| Spirit Lodge | 1 | |
54 total
» build order
00:14 Orc Burrow
01:01 Altar of Storms
01:02 Barracks
01:08 Orc Burrow
01:40 Voodoo Lounge
02:51 Stronghold
03:23 Orc Burrow
03:26 Orc Burrow
05:03 Great Hall
05:09 War Mill
05:21 Orc Burrow
05:50 Fortress
08:41 Watch Tower
08:41 Watch Tower
08:42 Watch Tower
08:43 Watch Tower
08:53 Beastiary
08:54 Beastiary
08:55 Beastiary
11:06 Watch Tower
11:06 Watch Tower
11:08 Watch Tower
11:09 Watch Tower
11:12 Watch Tower
12:38 Watch Tower
12:39 Watch Tower
12:41 Watch Tower
17:04 Great Hall
17:45 Watch Tower
17:46 Watch Tower
17:47 Watch Tower
17:47 Watch Tower
20:26 Watch Tower
20:26 Watch Tower
20:27 Watch Tower
20:27 Watch Tower
20:29 Watch Tower
20:57 Tauren Totem
20:57 Tauren Totem
21:02 Spirit Lodge
23:17 Watch Tower
23:18 Watch Tower
23:21 Watch Tower
24:01 Watch Tower
24:01 Watch Tower
24:02 Watch Tower
25:22 Orc Burrow
27:24 Voodoo Lounge
32:12 Stronghold
32:16 Great Hall
32:26 War Mill
35:00 Altar of Storms
36:21 Orc Burrow
39:36 Fortress
» items
| Healing Salve | 7 | |
| Lesser Clarity Potion | 4 | |
| Orb of Lightning | 2 | |
| Scroll of Town Portal | 8 | |
| Potion of Healing | 2 | |
| Potion of Mana | 1 | |
| Scroll of Speed | 1 | |
| Potion of Lesser Invulnerability | 1 | |
26 total
Chat log
(01:41 / Allies) maui: theyre 3 orc
(01:45 / Allies) maui: so ...
(01:46 / Allies) rustledjimmies: same w us
(01:48 / Allies) maui: yea
(01:55 / Allies) maui: so 1 goes bats or wyvs
(15:12 / Allies) maui: red you fucking idiot
(15:17 / Allies) ykaens: wahhhh
(16:26 / Allies) maui: look at this fuck
(16:28 / Allies) maui: 4k gold
(16:32 / Allies) maui: doesnt help
(16:32 / Allies) ykaens: WAHHHh
(16:33 / Allies) rustledjimmies: kmfao
(16:33 / All) ykaens: WAHHHHH
(16:39 / Allies) ykaens: should I call a WAHHHMBULANCE
(16:41 / Allies) ykaens: green?
(16:42 / Allies) rustledjimmies: autistic?
(16:51 / All) ykaens: Green needs a WAHHHHmbulance
(18:12 / All) ykaens: Oj you are one of the worst orcs I ever seen
(18:25 / All) princeofegypt: k
(18:33 / All) ykaens: beat the campaign before you move on to human players
(18:43 / Allies) maui: red talking shit
(18:45 / All) maui: canit micro
(18:48 / Allies) maui: doesnt help
(18:51 / Allies) ykaens: WAHHHH
(18:52 / Allies) maui: i'll remember that faggot
(18:52 / Allies) ykaens: WAHHHHHHH
(18:55 / Allies) ykaens: baby need a soother?
(20:35 / Allies) ykaens: here next
(21:25 / Allies) rustledjimmies: chill>
(21:30 / Allies) maui: stfu you fucking autistic fuck
(21:35 / Allies) ykaens: I'll talk as much as I want
(21:36 / Allies) ykaens: WAHHHH
(21:39 / Allies) ykaens: CRY MORE GREEN
(22:25 / All) rustledjimmies: gg
(22:46 / Allies) ykaens: here next
(23:23 / All) princeofegypt: 4k gold and 6 raiders
(23:30 / All) princeofegypt: yea im worst here by far
(23:34 / All) ykaens: you are
(23:37 / All) rustledjimmies: same with ykaens
(23:37 / All) ykaens: you're total shit
(23:38 / All) princeofegypt: yea
(23:42 / All) princeofegypt: easily worst here
(23:44 / All) rustledjimmies: sits on 6k gold
(23:48 / Allies) ykaens: wrong side to attack idiot
(23:59 / All) princeofegypt: constant harass by more than one player and blue never help
(24:04 / All) princeofegypt: and stoes 4500 gold lol
(24:11 / Allies) ykaens: WRONG BASE IDIOTS
(24:15 / All) princeofegypt: yea im the worst
(24:21 / Allies) ykaens: Go hit left side or I kill you all and give you a loss right now
(24:39 / All) OrderOfRepoMen: wow
(24:43 / All) princeofegypt: ty for fucking this kids ass hole bloody
(24:49 / All) princeofegypt: order of noob shit
(25:01 / All) maui: red tking
(25:05 / All) maui: haha crybaby
(25:17 / Allies) maui: Awww
(25:26 / All) maui: cant get your way so you have to spaz?
(25:27 / All) maui: lol
(25:38 / Allies) maui: thanks for the win red
(25:40 / All) maui: not gonna do shit
(25:46 / All) rustledjimmies: LOOOOOOOL
(25:54 / All) rustledjimmies: red really tking
(26:09 / Allies) maui: what afucking pussy
(26:15 / Allies) maui: somethings wrong wit hoy
(26:15 / Allies) ykaens: WAHHHH
(26:16 / All) ykaens: WAHHHHHH
(26:19 / Allies) maui: lol
(26:22 / Allies) maui: waste of time bro
(26:23 / Allies) rustledjimmies: autist red?
(26:28 / Allies) maui: no one likes you man
(26:31 / Allies) maui: you trump loving pussy
(27:20 / Allies) maui: dont waste your time
(27:23 / Allies) maui: red's a little bitch
(27:29 / Allies) ykaens: yes plz leave you lose
(28:11 / Allies) rustledjimmies: i do spirit link on tauren and rush in?
(28:16 / Allies) maui: we cant win
(28:19 / Allies) maui: red tk everyone
(28:19 / Allies) rustledjimmies: why
(28:30 / Allies) ykaens: Green deserves a loss
(28:31 / Allies) maui: seriously
(28:36 / Allies) maui: even with updates
(28:40 / Allies) maui: you have these fuckers still troll
(28:44 / Allies) maui: sit on 50 food
(29:28 / Allies) maui: are you ready to leave your pc on red
(29:29 / Allies) maui: im not leaving
(29:41 / Allies) maui: i have multiple compters
(29:42 / Allies) ykaens: then I'll just have to kill every last building won't I?
(29:46 / Allies) maui: do it
(29:53 / Allies) maui: good luck with the next 20 min
(29:57 / Allies) maui: you waset of space
(30:24 / All) maui: just leave
(30:27 / All) maui: red has 10k gold
(30:31 / All) maui: h'es a faggot
(30:34 / All) ykaens: You just leave I'm tking
(31:17 / All) rustledjimmies: i've never met a bigger autist
(31:31 / All) ykaens: WAHHHHH
(31:33 / All) ykaens: HES NOT PLAYING HOPW I PLAY
(31:34 / All) princeofegypt: blue up to 7500 gold now
(31:35 / All) ykaens: HES AUTISTIC
(31:36 / All) ykaens: WAHHHHHHH
(31:38 / All) rustledjimmies: thats what am autist sounds like
(31:45 / All) ykaens: I'm imitating what you sound like retard
(31:58 / Allies) maui: you're 10 bro
(31:59 / All) rustledjimmies: "not playing how i play"? are you retarded? you mean playing decently
(32:14 / All) rustledjimmies: useless cunt all we ask of you is to make a couple of units
(32:14 / All) princeofegypt: blue is taking his gold to next game
(32:17 / All) ykaens: I'm an amazing teamkiller
(32:17 / All) rustledjimmies: you sat on 5k gold
(32:19 / All) ykaens: best in class
(32:23 / All) rustledjimmies: when game ends check score
(32:26 / All) rustledjimmies: see how shit you are
(32:32 / All) ykaens: I will have a higher score than you
(32:36 / All) rustledjimmies: youre that emo kid at school that no one talks to
(33:01 / Allies) REDSKINBUCKEYE: YOU ALSO SUCK MORE DICK TOO
(33:37 / All) rustledjimmies: tbh i blame the parents
(33:44 / All) rustledjimmies: red's parents never loved him
(34:15 / All) OrderOfRepoMen: this pussy whined I took his expo but he never took it
(34:15 / All) princeofegypt: why do players just horde gold all game
(34:21 / All) princeofegypt: i just dont understand it
(34:25 / All) rustledjimmies: because they suck at the game
(34:25 / All) OrderOfRepoMen: I gave him 1k and he didn't even ssay thanks
(34:32 / All) ykaens: i USED RESURRECT ON PINKS TAUREN AND AM KILLING THEM TWICE LOL!!!!
(34:32 / All) OrderOfRepoMen: just stayed to whine lol
(34:35 / All) OrderOfRepoMen: cunt
(34:35 / All) princeofegypt: explain whhy u have 8500 gold and no units
(34:39 / All) rustledjimmies: red has 7k gold
(34:43 / All) princeofegypt: plz explain this noob shit
(34:52 / All) rustledjimmies: oj just wait until game score
(34:53 / All) princeofegypt: 9k gold no units from start to finish
(34:56 / All) rustledjimmies: at the end
(34:56 / All) ykaens: fIGURES A NOOB WONT UNDERSTAND
(35:00 / All) rustledjimmies: proves how much dick these guys suck
(35:07 / All) princeofegypt: kid has 6 raiders 2 heros all game
(35:13 / All) princeofegypt: i dont get it
(35:22 / All) princeofegypt: i tk this kid every time i see him from now on
(35:25 / All) OrderOfRepoMen: lol
(35:27 / All) OrderOfRepoMen: good luck
(35:27 / All) rustledjimmies: oj
(35:28 / All) rustledjimmies: oj
(35:31 / All) rustledjimmies: tk red too pls
(35:43 / All) ykaens: he can't do shit to me nomatter how hard he wants
(35:46 / All) princeofegypt: he has no response for his gold
(35:50 / All) princeofegypt: and no units
(35:50 / All) ykaens: Oj is a trashcan orc and low IQ
(36:03 / All) OrderOfRepoMen: good luck finding us, win repo men are true professionals and always keep our identity
(36:06 / All) maui: red stfu
(36:06 / All) OrderOfRepoMen: a closely guarded secret
(36:09 / All) maui: you can't shit talk
(36:18 / All) princeofegypt: repo retard
(36:21 / All) princeofegypt: nothing more
(37:05 / All) princeofegypt: go this long into a game and high hero lvl is 4
(37:11 / All) princeofegypt: that is something special noob shit
(37:33 / All) princeofegypt: btw when game started he claims expo
(37:44 / All) princeofegypt: lol he claims fucking expo and makes 6 raiders
(37:48 / All) OrderOfRepoMen: And?
(37:53 / All) princeofegypt: its noob shit
(37:55 / All) OrderOfRepoMen: Better to mine the godl yourself than beg
(37:58 / All) princeofegypt: i tk u from now on
(38:04 / All) princeofegypt: its auto loss on ur team
(38:05 / All) OrderOfRepoMen: Good luck retard you obviously can't read
(38:15 / All) ykaens: Orange is a certified retard
(38:42 / All) ykaens: thanks for suiciding purp
(38:44 / All) ykaens: makes my job a lot easier
(38:49 / All) maui: red said he wrecked me haha
(38:50 / All) rustledjimmies: youre so useless
(38:56 / All) maui: he's on the same team...and he says he wrecked me
(38:57 / All) rustledjimmies: red sucked dick all game
(38:59 / All) ykaens: Green was whispering me saying he can't wait to face me
(39:01 / All) princeofegypt: doesnt matter blue wont make units anyway
(39:01 / All) ykaens: He just did and he got owned
(39:05 / All) princeofegypt: Was loss from the start
(39:20 / All) princeofegypt: he stay under 50 food no matter what
(39:24 / All) OrderOfRepoMen: Implying anyone needs more than 6 raidres?
(39:25 / All) princeofegypt: this is his strat
(39:30 / All) OrderOfRepoMen: my strat obviously worked very well
(39:33 / All) rustledjimmies: red the type of nigga to cut his crush's name on his ar just so she can reject him
(39:36 / All) princeofegypt: how?
(39:39 / All) princeofegypt: u lose bllue
(39:41 / All) rustledjimmies: arm*
(39:43 / All) princeofegypt: so it didnt work idiot
(39:44 / All) OrderOfRepoMen: How do you figure?
(39:52 / All) rustledjimmies: man im going to be
(39:53 / All) rustledjimmies: bed
(39:56 / All) rustledjimmies: no need to waste time
(40:02 / All) rustledjimmies: anyways, score proves how useless red was
(40:04 / All) princeofegypt: red will rape ur hairy ass hole with ease
(40:07 / All) ykaens: I'm higher purple
(40:08 / All) rustledjimmies: gg wp everyone else
(40:09 / All) ykaens: Cry more about it
(40:12 / All) rustledjimmies: lmfao
(40:16 / All) rustledjimmies: you didnt do anything all game
(40:18 / All) ykaens: suck it, shitpaste
(40:22 / All) rustledjimmies: except screech like an autist
(40:26 / All) ykaens: yet I'm higher in score
(40:28 / All) rustledjimmies: "shitpaste"
(40:28 / All) ykaens: cry more
(40:30 / All) rustledjimmies: good one
(40:31 / All) ykaens: WAHHH WAHHHH all you say
(40:43 / All) rustledjimmies: i can tell yo daddy abused you as a kid
(40:48 / All) rustledjimmies: invited your uncle over for double team
(40:51 / All) ykaens: wahhhhh
(40:57 / All) ykaens: need a tissue purp?
(40:58 / All) rustledjimmies: im sure thats the exact sound you amde
(41:04 / All) rustledjimmies: your dad didnt
(41:08 / All) rustledjimmies: he used your butthole as a tissue
(41:16 / All) OrderOfRepoMen: Orange has no gold lol, PATHETIC BABY
(41:27 / All) ykaens: Purp needs to fantasise about children being raped to get sleep at night
(41:29 / All) ykaens: weird pedo
(41:32 / All) OrderOfRepoMen: Orange will be dead last on score screen lol!
(41:36 / All) OrderOfRepoMen: I will be top half
(41:37 / All) ykaens: yeah for sure
(41:42 / All) ykaens: Oj will be lowest
(41:44 / All) ykaens: he's trash
(41:46 / All) princeofegypt: no shit my base was killed first
(41:52 / All) princeofegypt: use brain guys not hard
(41:52 / All) OrderOfRepoMen: excuses excuses newbie
(41:54 / All) ykaens: because you're worst player
(41:57 / All) ykaens: weakest link on your team
(41:57 / All) princeofegypt: k
(41:59 / All) ykaens: so you die first
(42:00 / All) princeofegypt: k
(42:02 / All) princeofegypt: sure
(42:05 / All) OrderOfRepoMen: orange nearly cost us the game!
(42:11 / All) OrderOfRepoMen: but I saved the day and now I have 16k !
(42:26 / All) princeofegypt: hes an retarded hairlip i think
(42:26 / All) ykaens: SUCKS having a player like that on your team
(42:32 / All) OrderOfRepoMen: Yeah
(42:34 / All) ykaens: feel sorry for anyone on same team as oj
(42:37 / All) OrderOfRepoMen: He really let us down big time
(42:38 / All) princeofegypt: right
(42:44 / All) OrderOfRepoMen: Noob was making wyverns vs range caster!
(42:46 / All) OrderOfRepoMen: LOL
(42:48 / All) OrderOfRepoMen: What a scrub!
(42:53 / All) ykaens: I'll take blue over oj on my team any day
(42:56 / All) princeofegypt: u made 6 raiders idiot cunt
(43:03 / All) OrderOfRepoMen: Better than wyvern that's for sure
(43:06 / All) princeofegypt: np thats why ur w/l is 40 %
(43:06 / All) OrderOfRepoMen: I proved that too
(43:10 / All) ykaens: he did more with 6 raider than you did with, what did you have? didn't notice
(43:12 / All) ykaens: since you did nothing LOL
(43:16 / All) OrderOfRepoMen: My raiders are still alive, where are your crack troops?
(43:18 / All) OrderOfRepoMen: Hiding in the forest?
(43:22 / All) OrderOfRepoMen: Under a troll's lodge?
(43:27 / All) OrderOfRepoMen: Hah, thought so. They're all dead
(43:39 / All) OrderOfRepoMen: But my loyal men are still alive, fighting the good fight
(43:52 / All) princeofegypt: yea thats why u change account after 5 game s
(43:58 / All) princeofegypt: u go 0-5 change account
(44:00 / All) OrderOfRepoMen: Maybe you should
(44:03 / All) princeofegypt: 100 %
(44:20 / All) princeofegypt: do you ever winn normal game or only leaver games
(44:47 / All) OrderOfRepoMen: Why is this gutter trash trying to insult me when he has no hearth or loyal man?
(44:56 / All) ykaens: bad luck, pink
(45:44 / All) OrderOfRepoMen: this game was 7 orc 1 humie
(45:51 / All) ykaens: wow
(45:55 / All) ykaens: almost 8 orc
(45:59 / All) ykaens: I almost went orc
(46:21 / All) OrderOfRepoMen: whoops lost a raider
(46:53 / All) OrderOfRepoMen: YEllow let us down for battle at greens first
(46:56 / All) OrderOfRepoMen: then orange kept going wyvner lol
(46:58 / All) OrderOfRepoMen: wtf